[Event "Titled Tuesday Blitz January 17 Early 2023"]
[White "Pakleza, Zbigniew"]
[Black "Predke, Alexandr"]
[WhiteFideId "1119290"]
[BlackFideId "24107581"]
[WhiteElo "2494"]
[BlackElo "2685"]
[Result "0-1"]
[Round "09"]
[TimeControl "180+2"]
[Date "2023.01.17"]
[WhiteClock "0:00:01"]
[BlackClock "0:00:18"]

1. d4 Nf6 2. Nf3 e6 3. Bf4 c5 4. c3 Nc6 5. e3 h6 6. h3 d5 7. Nbd2 Bd6 8. Ne5 Qc7 9. Nxc6 bxc6 10. Bxd6 Qxd6 11. Qa4 cxd4 12. cxd4 O-O 13. Rc1 Bd7 14. Nb3 Rfb8 15. Bd3 e5 16. O-O exd4 17. Qxd4 Rb4 18. Qc5 Qb8 19. Rfd1 a5 20. Nxa5 Rxb2 21. Nxc6 Bxc6 22. Qxc6 Rbxa2 23. Rb1 Qe5 24. Rdc1 Rf8 25. Qc7 Qg5 26. Rc6 Qh4 27. Qf4 Qxf4 28. exf4 Rd2 29. Bf1 Ne4 30. f3 Ng3 31. Kh2 Nf5 32. Kg1 Ra8 33. g4 Ne3 34. Rc3 Nxf1 35. Kxf1 Raa2 36. Ke1 Rh2 37. Rc8+ Kh7 0-1


[Site "https://www.chess.com"]

[Event "Titled Tuesday Blitz January 17 Early 2023"]
[White "Kopczynski, Michal"]
[Black "Sanal, Vahap"]
[WhiteFideId "1124200"]
[BlackFideId "6300545"]
[WhiteElo "2225"]
[BlackElo "2600"]
[Result "0-1"]
[Round "09"]
[TimeControl "180+2"]
[Date "2023.01.17"]
[WhiteClock "0:00:09"]
[BlackClock "0:00:08"]

1. e4 c6 2. d4 d5 3. e5 Bf5 4. g4 Bc8 5. Bd3 e6 6. Be3 c5 7. dxc5 Nd7 8. f4 Bxc5 9. Bxc5 Nxc5 10. Nf3 Nxd3+ 11. Qxd3 Ne7 12. Nc3 Bd7 13. O-O-O Qa5 14. Nd4 a6 15. f5 O-O-O 16. Rhf1 Kb8 17. fxe6 Bxe6 18. Nxe6 fxe6 19. Rf7 Nc6 20. Rxg7 d4 21. Ne4 Qxe5 22. Rf7 Rhf8 23. Rdf1 Rxf7 24. Rxf7 Qxh2 25. Nc5 Qg1+ 26. Kd2 Qg2+ 27. Qe2 Qxe2+ 28. Kxe2 Rd5 29. Nd7+ Ka7 30. Rxh7 Rb5 31. b3 Nb4 32. a4 Rg5 33. Nf6 Nxc2 34. Kd3 Ne3 35. Kxd4 Nxg4 36. Ne4 Rd5+ 37. Kc3 Ne5 38. b4 Rd3+ 39. Kc2 Rd4 40. Nc5 Rxb4 41. Nxe6 Rxa4 42. Rxb7+ Ka8 43. Rg7 Rc4+ 44. Kb3 Rc6 45. Nd4 Rd6 46. Kc3 Nd7 47. Nb3 Kb8 48. Kb4 Rb6+ 49. Ka4 Kc8 50. Rg8+ Kc7 51. Rg7 Rc6 52. Kb4 Kd8 53. Na5 Rb6+ 54. Ka4 Nc5+ 55. Ka3 Rb1 56. Nc4 Rb3+ 57. Ka2 Rb4 58. Ne5 Kc8 59. Nc6 Rb6 60. Ne7+ Kb8 61. Nc6+ Rxc6 62. Ka3 Rb6 63. Ka2 Nb7 64. Ka3 Ka7 65. Ka4 a5 66. Ka3 Ka6 67. Ka4 Nc5+ 68. Ka3 Rb3+ 69. Ka2 a4 70. Rg5 Kb5 71. Ka1 Rc3 72. Ka2 Kb4 73. Ka1 Nb3+ 74. Kb2 a3+ 75. Ka2 Rc2+ 76. Kb1 Rb2# 0-1


[Site "https://www.chess.com"]

[Event "Titled Tuesday Blitz January 17 Early 2023"]
[White "Timofeev, Artyom"]
[Black "Szpar, Milosz"]
[WhiteFideId "4140419"]
[BlackFideId "1184989"]
[WhiteElo "2567"]
[BlackElo "2447"]
[Result "1-0"]
[Round "09"]
[TimeControl "180+2"]
[Date "2023.01.17"]
[WhiteClock "0:00:58"]
[BlackClock "0:00:25"]

1. e4 c5 2. Nf3 d6 3. d4 cxd4 4. Nxd4 Nf6 5. Nc3 Nc6 6. Bg5 e6 7. Qd2 a6 8. O-O-O Bd7 9. f4 Be7 10. Nf3 b5 11. Bxf6 gxf6 12. Kb1 Qb6 13. Bd3 O-O-O 14. f5 Kb8 15. Ne2 Bc8 16. Nf4 d5 17. exd5 exd5 18. Rhe1 Bb4 19. c3 Bc5 20. Ne2 Be3 21. Qc2 Bf2 22. Rf1 Rhe8 23. Ned4 Bxd4 24. Nxd4 Nxd4 25. cxd4 Re3 26. Rf3 Rxf3 27. gxf3 Re8 28. Qf2 Bd7 29. Rc1 Kb7 30. a3 Rc8 31. Rc5 Rxc5 32. dxc5 Qc7 33. f4 Bc6 34. Qd4 Qe7 35. Ka2 h6 36. h4 Qd8 37. Bc2 Qe7 38. Bb3 Qe4 39. Qxf6 d4 40. Qxf7+ Kb8 41. Qf8+ Kb7 42. f6 d3 43. Qg7+ Kb8 44. f7 Bd5 45. f8=Q+ Qe8 46. Qxe8# 1-0


[Site "https://www.chess.com"]

[Event "Titled Tuesday Blitz January 17 Early 2023"]
[White "Riehle, Marco"]
[Black "Xu, Yi"]
[WhiteFideId "12904392"]
[BlackFideId "8605564"]
[WhiteElo "2368"]
[BlackElo "2527"]
[Result "1/2-1/2"]
[Round "09"]
[TimeControl "180+2"]
[Date "2023.01.17"]
[WhiteClock "0:02:01"]
[BlackClock "0:00:20"]

1. e4 c5 2. a3 e6 3. b4 cxb4 4. axb4 Bxb4 5. Bb2 Nf6 6. e5 Nd5 7. c4 Ne7 8. Qg4 Ng6 9. Nf3 Nc6 10. Nc3 f5 11. exf6 Qxf6 12. O-O-O Bxc3 13. Bxc3 Qe7 14. Bd3 Qa3+ 15. Kb1 Qb3+ 16. Kc1 Qa3+ 17. Kb1 Qb3+ 18. Kc1 Qa3+ 1/2-1/2


[Site "https://www.chess.com"]

[Event "Titled Tuesday Blitz January 17 Early 2023"]
[White "Aravindh, Chithambaram VR."]
[Black "Postny, Evgeny"]
[WhiteFideId "5072786"]
[BlackFideId "2804344"]
[WhiteElo "2633"]
[BlackElo "2549"]
[Result "0-1"]
[Round "09"]
[TimeControl "180+2"]
[Date "2023.01.17"]
[WhiteClock "0:00:01"]
[BlackClock "0:00:07"]

1. Nf3 d5 2. e3 c5 3. Bb5+ Bd7 4. Bxd7+ Qxd7 5. O-O Nc6 6. d4 e6 7. b3 Nf6 8. Bb2 cxd4 9. exd4 Bd6 10. Nbd2 O-O 11. Ne5 Qc7 12. f4 Qb6 13. Kh1 Rad8 14. c3 Ne7 15. Qe2 Qa5 16. a4 Rc8 17. Rf3 Nf5 18. Qd3 Be7 19. Raf1 Qa6 20. Qxa6 bxa6 21. b4 Nd6 22. Nb3 Nc4 23. Bc1 Ne4 24. Nd7 Rfd8 25. Ndc5 Bxc5 26. dxc5 a5 27. f5 e5 28. Rd1 f6 29. Kg1 axb4 30. cxb4 a5 31. Rfd3 d4 32. Re1 Nc3 33. b5 Nxa4 34. c6 Nc3 35. Nd2 Ne3 36. Rxc3 dxc3 37. Ne4 Nxf5 38. Nxc3 Rd3 39. Na4 Nd6 40. b6 Rxc6 41. Be3 Rb3 42. Bf2 Kf7 43. Rd1 Ne4 0-1


[Site "https://www.chess.com"]

[Event "Titled Tuesday Blitz January 17 Early 2023"]
[White "Demchenko, Anton"]
[Black "Kobalia, Mikhail"]
[WhiteFideId "4160258"]
[BlackFideId "4119150"]
[WhiteElo "2623"]
[BlackElo "2578"]
[Result "1/2-1/2"]
[Round "09"]
[TimeControl "180+2"]
[Date "2023.01.17"]
[WhiteClock "0:00:27"]
[BlackClock "0:00:58"]

1. e4 c5 2. Nf3 e6 3. c3 Nf6 4. e5 Nd5 5. d4 cxd4 6. cxd4 d6 7. Bc4 Nb6 8. Bd3 Nc6 9. O-O Nb4 10. Nc3 Nxd3 11. Qxd3 Be7 12. Qe4 O-O 13. Qg4 f5 14. Qg3 dxe5 15. Bh6 Rf7 16. Nxe5 Bf6 17. Nxf7 Kxf7 18. Bf4 Bd7 19. Bc7 Qf8 20. Rfe1 Bc6 21. Bd6 Qd8 22. Be5 Nd5 23. Rad1 Nxc3 24. bxc3 Bd5 25. Rd2 Rc8 26. Bxf6 gxf6 27. Qh4 Qg8 28. Qh5+ Kf8 29. Qh6+ Kf7 30. Qh5+ Kf8 31. Qh6+ Kf7 32. Qh5+ 1/2-1/2


[Site "https://www.chess.com"]

[Event "Titled Tuesday Blitz January 17 Early 2023"]
[White "Grandelius, Nils"]
[Black "Salimova, Nurgyul"]
[WhiteFideId "1710400"]
[BlackFideId "2915138"]
[WhiteElo "2664"]
[BlackElo "2391"]
[Result "1-0"]
[Round "09"]
[TimeControl "180+2"]
[Date "2023.01.17"]
[WhiteClock "0:00:14"]
[BlackClock "0:00:03"]

1. e4 Nf6 2. e5 Nd5 3. d4 d6 4. Nf3 Bg4 5. Be2 e6 6. O-O Be7 7. c4 Nb6 8. exd6 cxd6 9. Be3 O-O 10. Nc3 Nc6 11. d5 exd5 12. Nxd5 Nxd5 13. Qxd5 Bf6 14. Qd2 Re8 15. Rad1 a5 16. b3 Be7 17. h3 Bh5 18. Nd4 Bxe2 19. Nxe2 a4 20. b4 Ne5 21. Qd5 Qc7 22. Rd4 Nc6 23. Rg4 Nxb4 24. Qd4 Bf8 25. Qd2 Nc6 26. Nc3 Ne5 27. Nd5 Qd8 28. Bb6 Qc8 29. Nf6+ Kh8 30. Nxe8 Qxe8 31. Rf4 Rc8 32. Qd5 Kg8 33. Rb1 Rc6 34. Bd4 Ng6 35. Re4 Qd7 36. Qb5 d5 37. Qxd5 Rd6 38. Qxb7 Rxd4 39. Qxd7 Rxd7 40. Rb8 f6 41. c5 Rc7 42. Rc4 Ne5 43. Rc2 Kf7 44. Ra8 Rxc5 45. Rxf8+ 1-0


[Site "https://www.chess.com"]

[Event "Titled Tuesday Blitz January 17 Early 2023"]
[White "Krysa, Leandro"]
[Black "Indjic, Aleksandar"]
[WhiteFideId "116807"]
[BlackFideId "911925"]
[WhiteElo "2541"]
[BlackElo "2618"]
[Result "1/2-1/2"]
[Round "09"]
[TimeControl "180+2"]
[Date "2023.01.17"]
[WhiteClock "0:00:44"]
[BlackClock "0:01:01"]

1. e4 c5 2. Nf3 Nc6 3. d4 cxd4 4. Nxd4 Nf6 5. Nc3 e5 6. Ndb5 d6 7. Nd5 Nxd5 8. exd5 Nb8 9. a4 Nd7 10. Be2 a6 11. Na3 Be7 12. Nc4 Nb6 13. Ne3 a5 14. Bb5+ Bd7 15. Qd3 O-O 16. O-O f5 17. f4 e4 18. Qb3 Bxb5 19. Qxb5 Qc7 20. c3 Nd7 21. Nc2 Qc5+ 22. Be3 Qxb5 23. axb5 Rfc8 24. Ra4 Nc5 25. Bxc5 Rxc5 26. c4 Bf6 27. b3 b6 28. Kf2 g6 29. Ke2 Rac8 30. Ne3 h5 31. g3 Kf7 32. h4 Bc3 33. Rc1 Bd4 34. Rd1 Bf6 35. Ra2 Ke7 36. Ra4 Kd7 37. Rd2 R5c7 38. Rd1 Rc5 39. Rd2 Bc3 40. Rd1 Bb4 41. Ra2 R5c7 42. Ra4 Bc5 43. Rc1 Ke7 44. Rd1 Kf6 45. Rh1 Kg7 46. Rh2 Rf7 47. Rh1 Rh8 48. Ra2 Kf6 49. Ra4 Rfh7 50. Ra2 Rf7 51. Ra4 Rfh7 52. Ra2 Rf7 1/2-1/2


[Site "https://www.chess.com"]

[Event "Titled Tuesday Blitz January 17 Early 2023"]
[White "Zhigalko, Sergei"]
[Black "Bocharov, Dmitry"]
[WhiteFideId "13502956"]
[BlackFideId "4138716"]
[WhiteElo "2572"]
[BlackElo "2516"]
[Result "1-0"]
[Round "09"]
[TimeControl "180+2"]
[Date "2023.01.17"]
[WhiteClock "0:00:04"]
[BlackClock "0:00:12"]

1. e4 c5 2. Nf3 d6 3. d4 cxd4 4. Qxd4 Nc6 5. Bb5 Bd7 6. Bxc6 Bxc6 7. Nc3 Nf6 8. Bg5 e6 9. O-O-O Be7 10. Rhe1 O-O 11. Kb1 a6 12. h3 h6 13. Bh4 Rc8 14. Qe3 Qa5 15. Nd4 b5 16. f3 b4 17. Nce2 Bd7 18. Nc1 Qc7 19. Re2 a5 20. Red2 a4 21. Bf2 e5 22. Nde2 Be6 23. Qb6 Qxb6 24. Bxb6 Rc6 25. Ba5 Rb8 26. Nd3 d5 27. Nxe5 Rc5 28. Nd4 dxe4 29. Ndc6 Bf8 30. Nxb8 Rxe5 31. Bc7 Rb5 32. fxe4 Nxe4 33. Rd8 b3 34. cxb3 axb3 35. a3 Rc5 36. Bb6 Rc2 37. Ba5 Bf5 38. Ka1 g5 39. Bb4 Nc5 40. Nc6 Kg7 41. Nd4 Bg6 42. Rxf8 Kxf8 43. Nxc2 bxc2 44. Bxc5+ Kg7 45. Rc1 1-0


[Site "https://www.chess.com"]

[Event "Titled Tuesday Blitz January 17 Early 2023"]
[White "Galchenko, Matvey"]
[Black "Dourerassou, Jonathan"]
[WhiteFideId "24175480"]
[BlackFideId "628050"]
[WhiteElo "2438"]
[BlackElo "2414"]
[Result "0-1"]
[Round "09"]
[TimeControl "180+2"]
[Date "2023.01.17"]
[WhiteClock "0:00:08"]
[BlackClock "0:01:40"]

1. f4 d6 2. Nf3 g6 3. g3 Bg7 4. Bg2 Nf6 5. O-O O-O 6. d3 c5 7. Nc3 Nc6 8. e4 a6 9. a4 Rb8 10. h3 Bd7 11. g4 b5 12. axb5 axb5 13. Ne2 b4 14. Ng3 Qb6 15. g5 Ne8 16. Kh2 Nc7 17. h4 Bg4 18. Qe1 Bxf3 19. Rxf3 Nd4 20. Rf2 b3 21. c3 Nc2 22. Rxc2 bxc2 23. Qd2 Ra8 24. Rxa8 Rxa8 25. Qxc2 Ra1 26. h5 Qb5 27. e5 dxe5 28. f5 Qa4 29. Qxa4 Rxa4 30. Be4 gxf5 31. Nxf5 Bf8 32. Ne3 Ra1 33. Bd2 e6 34. Nc4 Rd1 35. Kg2 Nd5 36. Kf2 Be7 37. Bf3 Rb1 38. Kg3 Bd8 39. Be4 Bc7 40. Kf3 Rh1 41. Kg4 Rg1+ 42. Kf3 Nf4 43. Be3 Rxg5 44. Bxc5 Rxh5 45. b4 f5 46. Bc6 Rh3+ 47. Kf2 Nxd3+ 48. Kg2 Nf4+ 49. Kf1 Rxc3 50. Nd2 Rc1+ 51. Kf2 Nd3+ 52. Ke2 Nxc5 53. bxc5 Rxc5 0-1


[Site "https://www.chess.com"]

[Event "Titled Tuesday Blitz January 17 Early 2023"]
[White "Csonka, Balazs"]
[Black "Maximov, Dmitry"]
[WhiteFideId "742910"]
[BlackFideId "14105659"]
[WhiteElo "2496"]
[BlackElo "2497"]
[Result "1-0"]
[Round "09"]
[TimeControl "180+2"]
[Date "2023.01.17"]
[WhiteClock "0:00:14"]
[BlackClock "0:00:09"]

1. e4 c5 2. Nf3 d6 3. d4 cxd4 4. Nxd4 Nf6 5. Nc3 a6 6. Be3 Nbd7 7. g4 Nb6 8. Rg1 g6 9. g5 Nfd7 10. h4 Bg7 11. h5 O-O 12. hxg6 hxg6 13. Qg4 Re8 14. O-O-O Nf8 15. Qh4 Bd7 16. Bd3 Rc8 17. Nf5 Bxf5 18. exf5 Rxc3 19. bxc3 Nd5 20. Bd4 e5 21. fxe6 Nxe6 22. Bxg7 Nxg7 23. Rh1 Nh5 24. Bxg6 fxg6 25. Rxd5 Qc7 26. Rd3 Qc6 27. Rhd1 Re6 28. Qg4 Re7 29. Rxd6 Qxc3 30. Rxg6+ Ng7 31. Rd8+ Kf7 32. Rf6+ Qxf6 33. gxf6 Kxf6 34. Qf4+ Ke6 35. Rd6# 1-0


[Site "https://www.chess.com"]

[Event "Titled Tuesday Blitz January 17 Early 2023"]
[White "Seo, Jung Min"]
[Black "Papasimakopoulos, Alexandros"]
[WhiteFideId "1734687"]
[BlackFideId "4244125"]
[WhiteElo "2494"]
[BlackElo "2401"]
[Result "1/2-1/2"]
[Round "09"]
[TimeControl "180+2"]
[Date "2023.01.17"]
[WhiteClock "0:00:57"]
[BlackClock "0:00:09"]

1. e4 e6 2. d4 d5 3. Nc3 Bb4 4. e5 b6 5. Qg4 Bf8 6. Nf3 Ne7 7. h4 h5 8. Qf4 Ba6 9. Bxa6 Nxa6 10. O-O Nb4 11. Qd2 c5 12. Nb5 Nf5 13. c3 Nc6 14. g3 a6 15. Na3 cxd4 16. cxd4 Bxa3 17. bxa3 Na5 18. a4 Nc4 19. Qd3 O-O 20. Rd1 Qd7 21. Qb3 Rfb8 22. Bf4 b5 23. axb5 Qxb5 24. Qc3 Qb2 25. Qd3 Qa3 26. Qxa3 Nxa3 27. Rdc1 Nc4 28. Rab1 a5 29. a4 Rb4 30. Ra1 Rb3 31. Kg2 Rxf3 32. Kxf3 Nxd4+ 33. Kg2 Nb3 34. Rab1 Nxc1 35. Rxc1 Rb8 36. Rc2 Rb2 37. Rxb2 Nxb2 38. Bd2 Nxa4 39. Bxa5 Nb2 40. Kf3 Kh7 41. Bc3 Nd3 42. Ke3 Nc5 43. Bd4 Ne4 44. Kf4 Kg6 45. f3 Nd2 46. Bc3 Nb3 47. Bb2 d4 48. g4 d3 49. Ke3 d2 50. Ke2 Kh6 51. Bc3 g5 52. hxg5+ Kxg5 53. gxh5 Kxh5 54. Bxd2 Kg6 55. Be3 Kf5 56. f4 Ke4 57. Kf2 Na5 58. Bc1 Nc6 59. Kg3 Nd4 60. Kg4 Nc6 61. Kg5 Nxe5 62. fxe5 Kxe5 63. Bb2+ Ke4 64. Kf6 Kf4 65. Kxf7 e5 66. Bc1+ Kf5 67. Ke7 e4 68. Kd6 e3 69. Bxe3 1/2-1/2


[Site "https://www.chess.com"]

[Event "Titled Tuesday Blitz January 17 Early 2023"]
[White "Liyanage, Ranindu Dilshan"]
[Black "Murzin, Volodar"]
[WhiteFideId "9915834"]
[BlackFideId "44155573"]
[WhiteElo "2342"]
[BlackElo "2604"]
[Result "0-1"]
[Round "09"]
[TimeControl "180+2"]
[Date "2023.01.17"]
[WhiteClock "0:00:04"]
[BlackClock "0:00:11"]

1. e4 c5 2. Nc3 d6 3. f4 Nc6 4. Nf3 g6 5. Bb5 Bg7 6. d3 e6 7. Bxc6+ bxc6 8. e5 Ne7 9. Ne4 Nf5 10. g4 d5 11. Nc3 Nd4 12. Be3 Nxf3+ 13. Qxf3 d4 14. Ne4 dxe3 15. Nd6+ Kf8 16. Qxc6 Bd7 17. Qxc5 Qh4+ 18. Kd1 Qxg4+ 19. Kc1 Kg8 20. Qxe3 Bh6 21. Rf1 Kg7 22. b3 Rhf8 23. Kb2 f6 24. exf6+ Rxf6 25. Qd4 e5 26. Qxe5 Qe6 27. Ne4 Qxe5+ 28. fxe5 Rf5 29. Nd6 Rf4 30. d4 Be6 31. Rad1 Raf8 32. Rxf4 Bxf4 33. h4 h5 34. c4 g5 35. hxg5 h4 36. Re1 Bg3 37. Re2 Bg4 38. Rg2 Bf3 39. Rc2 h3 40. Rc3 h2 0-1


[Site "https://www.chess.com"]

[Event "Titled Tuesday Blitz January 17 Early 2023"]
[White "Mammadzada, Gunay"]
[Black "Rustemov, Alexander"]
[WhiteFideId "13403729"]
[BlackFideId "4119002"]
[WhiteElo "2449"]
[BlackElo "2525"]
[Result "0-1"]
[Round "09"]
[TimeControl "180+2"]
[Date "2023.01.17"]
[WhiteClock "0:00:32"]
[BlackClock "0:00:53"]

1. e4 e6 2. d4 d5 3. Nd2 dxe4 4. Nxe4 Bd7 5. Nf3 Bc6 6. Bd3 Nd7 7. c4 Bb4+ 8. Bd2 Bxd2+ 9. Qxd2 Ngf6 10. Qe3 Nxe4 11. Bxe4 Bxe4 12. Qxe4 c6 13. O-O O-O 14. Rad1 Re8 15. Rd2 Qa5 16. a3 Rad8 17. Rfd1 h6 18. h3 Qa4 19. Qe2 b5 20. c5 Qb3 21. Rd3 Qd5 22. b4 a5 23. Ne5 axb4 24. axb4 Ra8 25. Qf3 Qxf3 26. Rxf3 Nxe5 27. dxe5 Ra4 28. Rd4 Rea8 29. Rff4 Ra1+ 30. Kh2 Re1 31. Rd7 Rf8 32. Rc7 Rxe5 33. Rxc6 g5 34. Rd4 Re2 35. f4 Ra8 36. fxg5 hxg5 37. Rg4 f6 38. h4 Kf7 39. hxg5 f5 40. Rg3 Kg6 41. Rb6 Raa2 42. Kh3 Re1 43. Rf3 Kxg5 44. Rxb5 f4 45. c6+ e5 46. c7 Rh1# 0-1


[Site "https://www.chess.com"]

[Event "Titled Tuesday Blitz January 17 Early 2023"]
[White "Flores Quillas, Diego Saul Rodri"]
[Black "Tsaruk, Maksim"]
[WhiteFideId "3822508"]
[BlackFideId "13511173"]
[WhiteElo "2359"]
[BlackElo "2373"]
[Result "1-0"]
[Round "09"]
[TimeControl "180+2"]
[Date "2023.01.17"]
[WhiteClock "0:00:15"]
[BlackClock "0:00:15"]

1. e4 c6 2. d4 d5 3. Nc3 dxe4 4. Nxe4 Nf6 5. Nxf6+ exf6 6. c3 Bd6 7. Bd3 O-O 8. Qc2 Re8+ 9. Ne2 h5 10. O-O h4 11. Nf4 Nd7 12. Qd1 Nf8 13. Qh5 f5 14. Bd2 g6 15. Qh6 Qf6 16. Rae1 Bd7 17. c4 Bxf4 18. Qxf4 Ne6 19. Qh6 Nxd4 20. Bg5 Qd6 21. Qxh4 Ne6 22. Bf6 Ng7 23. c5 Qxc5 24. Qh6 Qf8 25. Bc4 b5 26. Bb3 a5 27. a3 a4 28. Ba2 Be6 29. Bxe6 Rxe6 30. Rxe6 fxe6 31. Qxg6 Qf7 32. Qh6 Rf8 33. Be5 Rd8 34. f4 Rd7 35. Rc1 Qe8 36. Rc3 Rf7 37. Rg3 Qd7 38. h4 Kf8 39. Qg6 Kg8 40. Kh2 Kf8 41. h5 Nxh5 42. Qxh5 Rh7 43. Qxh7 Qxh7+ 44. Rh3 Qd7 45. Rh8+ Kf7 46. Rh7+ Ke8 47. Rxd7 Kxd7 48. Kg3 c5 49. Kf3 Kc6 50. Ke3 Kd5 51. Kd3 b4 52. Bf6 c4+ 53. Kc2 bxa3 54. bxa3 Ke4 55. Be5 Ke3 56. Kc3 Kf2 57. Kxc4 Kxg2 58. Kb4 Kf3 59. Kxa4 Ke4 60. Kb5 Kd5 61. a4 Ke4 62. a5 Kd5 63. a6 Ke4 64. a7 Kd3 65. a8=Q Kc2 66. Qc6+ Kb3 67. Qf3+ Ka2 68. Kc4 Kb1 69. Qg2 Kc1 70. Kc3 Kd1 71. Qd2# 1-0


[Site "https://www.chess.com"]

[Event "Titled Tuesday Blitz January 17 Early 2023"]
[White "Womacka, Mathias"]
[Black "Rakhmanov, Aleksandr"]
[WhiteFideId "4611390"]
[BlackFideId "4173708"]
[WhiteElo "2396"]
[BlackElo "2632"]
[Result "0-1"]
[Round "09"]
[TimeControl "180+2"]
[Date "2023.01.17"]
[WhiteClock "0:00:03"]
[BlackClock "0:00:37"]

1. e4 c5 2. Nf3 Nf6 3. Nc3 d5 4. exd5 Nxd5 5. Bb5+ Bd7 6. Ne5 Nf6 7. Nxd7 Nbxd7 8. d4 e6 9. O-O a6 10. Be2 Qc7 11. d5 e5 12. a4 Bd6 13. a5 O-O 14. Be3 e4 15. h3 Rfe8 16. Qd2 Re7 17. b3 Rae8 18. Na4 Ne5 19. Nb6 Nfd7 20. Nxd7 Qxd7 21. c4 f5 22. b4 Rc8 23. bxc5 Bxc5 24. Bxc5 Rxc5 25. Qd4 Qd6 26. Rfb1 Nc6 27. Qc3 Ne5 28. Qd4 Nc6 29. Qc3 Qe5 30. Qe3 Nd4 31. Rd1 Nxe2+ 32. Qxe2 f4 33. Rac1 h6 34. Re1 Rxa5 35. Qd2 Rc5 36. d6 Rd7 37. Rcd1 Rc6 38. Qd5+ Qxd5 39. Rxd5 Rxc4 0-1


[Site "https://www.chess.com"]

[Event "Titled Tuesday Blitz January 17 Early 2023"]
[White "Sychev, Klementy"]
[Black "Erzhanov, Arman"]
[WhiteFideId "4114060"]
[BlackFideId "4138821"]
[WhiteElo "2547"]
[BlackElo "2228"]
[Result "1-0"]
[Round "09"]
[TimeControl "180+2"]
[Date "2023.01.17"]
[WhiteClock "0:00:16"]
[BlackClock "0:00:03"]

1. e4 c5 2. Nf3 Nc6 3. d4 cxd4 4. Nxd4 Nf6 5. Nc3 e5 6. Ndb5 d6 7. Bg5 a6 8. Na3 b5 9. Bxf6 gxf6 10. Nd5 Bg7 11. g3 f5 12. exf5 Bxf5 13. Bg2 O-O 14. Ne3 Ne7 15. Nxf5 Nxf5 16. Bxa8 Qxa8 17. O-O Nd4 18. f3 e4 19. fxe4 Qxe4 20. Qd3 Ne2+ 21. Kf2 Bd4+ 22. Ke1 Re8 23. Qxe4 Rxe4 24. Kd2 Bxb2 25. Rae1 Bxa3 26. Rxe2 Rd4+ 27. Kc3 Bc5 28. Re8+ Kg7 29. Re7 Rc4+ 30. Kd3 Rd4+ 31. Ke2 Bb4 32. Rexf7+ Kg6 33. R1f6+ Kg5 34. Kf3 Bc3 35. h4+ Rxh4 36. gxh4+ 1-0


[Site "https://www.chess.com"]

[Event "Titled Tuesday Blitz January 17 Early 2023"]
[White "Sadubayev, Airat"]
[Black "Eljanov, Pavel"]
[WhiteFideId "13713264"]
[BlackFideId "14102951"]
[WhiteElo "2320"]
[BlackElo "2705"]
[Result "0-1"]
[Round "09"]
[TimeControl "180+2"]
[Date "2023.01.17"]
[WhiteClock "0:00:14"]
[BlackClock "0:00:02"]

1. d4 Nf6 2. c4 e6 3. Nf3 b6 4. a3 Bb7 5. Nc3 d5 6. Bg5 Be7 7. e3 O-O 8. Rc1 h6 9. Bh4 c5 10. cxd5 exd5 11. Be2 Nbd7 12. O-O Ne4 13. Bxe7 Qxe7 14. dxc5 Nxc3 15. Rxc3 bxc5 16. b4 c4 17. Nd4 a5 18. Qb1 Nf6 19. Bf3 axb4 20. axb4 Ra4 21. b5 Rfa8 22. h3 g6 23. Rd1 Kg7 24. Rcc1 h5 25. Qc2 Ra2 26. Qc3 R8a3 27. Qe1 Qc5 28. Ra1 Rxa1 29. Rxa1 Rxa1 30. Qxa1 c3 31. Qc1 Bc8 32. Qc2 Bf5 33. Nxf5+ gxf5 34. Be2 Ne4 35. Bd3 Qb4 36. Qe2 Kg6 37. g4 hxg4 38. hxg4 Kf6 39. Qf3 Qb2 40. Qxf5+ Ke7 41. Qe5+ Kf8 42. b6 Qxf2+ 43. Kh1 Ng3+ 0-1


[Site "https://www.chess.com"]

[Event "Titled Tuesday Blitz January 17 Early 2023"]
[White "Shuvalova, Polina"]
[Black "Baskakov, Egor"]
[WhiteFideId "24171760"]
[BlackFideId "24197866"]
[WhiteElo "2484"]
[BlackElo "2215"]
[Result "0-1"]
[Round "09"]
[TimeControl "180+2"]
[Date "2023.01.17"]
[WhiteClock "0:00:01"]
[BlackClock "0:00:04"]

1. d4 Nf6 2. Nf3 e6 3. Bg5 d5 4. Nbd2 Be7 5. e3 Ne4 6. Bxe7 Qxe7 7. Nxe4 dxe4 8. Nd2 f5 9. c3 O-O 10. f3 exf3 11. Nxf3 Nd7 12. Bb5 c6 13. Bc4 Kh8 14. O-O e5 15. Qe1 e4 16. Nd2 Nb6 17. Bb3 Be6 18. Qg3 Rae8 19. Rf2 g6 20. h4 Bxb3 21. axb3 a6 22. b4 Rf7 23. Raf1 Qe6 24. h5 Rg8 25. Qh3 Kg7 26. Rf4 Re7 27. g4 Nd5 28. R4f2 f4 29. Rxf4 Nxf4 30. h6+ Kh8 31. Rxf4 Rf7 32. Rxe4 Qf6 33. Qg3 Rgf8 34. g5 Qf5 35. Rf4 Qe6 36. Rxf7 Qxf7 37. e4 Qf4 38. Qxf4 Rxf4 39. Kg2 Rg4+ 40. Kf3 Rxg5 41. e5 Kg8 42. Ne4 Rf5+ 43. Kg4 Rf1 44. Nc5 Kf7 45. Nxb7 Rg1+ 46. Kf3 g5 47. Nd8+ Ke7 48. Nxc6+ Ke6 49. c4 g4+ 50. Kf4 g3 51. d5+ Kd7 52. e6+ Kd6 53. c5+ Kxd5 54. e7 Re1 55. Nb8 g2 0-1


[Site "https://www.chess.com"]

[Event "Titled Tuesday Blitz January 17 Early 2023"]
[White "Piesik, Piotr"]
[Black "Harsh Suresh"]
[WhiteFideId "1136194"]
[BlackFideId "45018464"]
[WhiteElo "2426"]
[BlackElo "2298"]
[Result "0-1"]
[Round "09"]
[TimeControl "180+2"]
[Date "2023.01.17"]
[WhiteClock "0:01:05"]
[BlackClock "0:01:24"]

1. Nf3 d5 2. g3 g6 3. Bg2 Bg7 4. d4 c5 5. c3 cxd4 6. cxd4 Nc6 7. O-O Bg4 8. Nc3 Bxf3 9. Bxf3 e6 10. e3 Nge7 11. a3 O-O 12. b4 Rc8 13. Na4 b6 14. Be2 Nf5 15. Bd2 e5 16. dxe5 Nxe5 17. Rc1 d4 18. Rxc8 Qxc8 19. e4 d3 20. exf5 dxe2 21. Qxe2 Qxf5 22. Bf4 Nc6 23. Be3 Re8 24. Rd1 Nd4 25. Qd3 Nf3+ 26. Kf1 Qh3+ 27. Ke2 Qh5 28. Qd5 Nd4+ 0-1


[Site "https://www.chess.com"]

[Event "Titled Tuesday Blitz January 17 Early 2023"]
[White "Aloma Vidal, Robert"]
[Black "Ozen, Bahadir"]
[WhiteFideId "2260409"]
[BlackFideId "6337058"]
[WhiteElo "2442"]
[BlackElo "2369"]
[Result "0-1"]
[Round "09"]
[TimeControl "180+2"]
[Date "2023.01.17"]
[WhiteClock "0:00:05"]
[BlackClock "0:00:13"]

1. e4 d6 2. d4 Nf6 3. Nc3 e5 4. Nf3 Nbd7 5. h3 c6 6. g4 g6 7. g5 Nh5 8. Be3 Bg7 9. Qd2 O-O 10. O-O-O Re8 11. dxe5 dxe5 12. Bc4 Qe7 13. a4 a6 14. a5 Qb4 15. Qd3 Nf4 16. Qf1 Qxa5 17. Kb1 b5 18. Bb3 Nf8 19. Bc5 N8e6 20. Bd6 Nd4 21. Nxd4 exd4 22. Ne2 Nxe2 23. Qxe2 Be6 24. h4 Rad8 25. Bc5 b4 26. Bxe6 Rxe6 27. Qc4 Rxe4 28. Bxb4 Qb5 29. Qxb5 axb5 30. Bc5 Rd5 31. b4 Bf8 32. f3 Rf4 33. Bxf8 Kxf8 34. Rd3 Kg7 35. Rh3 h6 36. gxh6+ Kxh6 37. Kc1 Kh5 38. Kd2 Rxh4 39. Rxh4+ Kxh4 40. Ke2 Kg3 41. Ra3 Re5+ 42. Kd2 f5 43. Ra6 Re6 44. Ra3 Kf2 45. Rd3 Rd6 46. Kd1 g5 47. c4 bxc4 48. Rd2+ Kxf3 49. Ke1 c3 50. Ra2 d3 51. Kf1 d2 52. Rxd2 cxd2 0-1


[Site "https://www.chess.com"]

[Event "Titled Tuesday Blitz January 17 Early 2023"]
[White "Leiva, Gianmarco"]
[Black "Samunenkov, Ihor"]
[WhiteFideId "3804399"]
[BlackFideId "14187086"]
[WhiteElo "2392"]
[BlackElo "2501"]
[Result "0-1"]
[Round "09"]
[TimeControl "180+2"]
[Date "2023.01.17"]
[WhiteClock "0:01:14"]
[BlackClock "0:00:57"]

1. e4 c5 2. Nf3 Nc6 3. Bb5 e6 4. O-O Nge7 5. d4 cxd4 6. Nxd4 Ng6 7. Be2 Be7 8. c4 O-O 9. Nc3 b6 10. Be3 Bb7 11. Qd2 a6 12. Rad1 Qc7 13. Rfe1 Rfc8 14. Nxc6 Bxc6 15. Nd5 exd5 16. c5 Bxc5 17. exd5 Bxe3 18. Qxe3 Bb5 19. d6 Qc5 20. Bf3 Qxe3 21. Rxe3 Bc6 22. Bg4 Re8 23. Rc3 Kf8 24. Bf5 Re5 25. Bh3 Rae8 26. f4 Nxf4 27. Bg4 Ne2+ 28. Bxe2 Rxe2 29. Rxc6 dxc6 30. Kf1 R2e6 31. d7 Rd8 32. Rd2 Ke7 33. Rf2 Rxd7 34. Rxf7+ Kxf7 0-1


[Site "https://www.chess.com"]